 Dungeon Crawl Stone Soup version 0.26.1-11-gd32895ea62 (webtiles) character file.

Game seed: 847725660331363111

33 velxir3 the Slasher (level 3, -1/43 HPs)
             Began as a Demonspawn Berserker on June 28, 2021.
             Was a Follower of Trog.
             Slain by a sky beast (6 damage)
             ... on level 2 of the Dungeon.
             The game lasted 00:07:02 (1440 turns).

velxir3 the Slasher (Demonspawn Berserker)          Turns: 1440, Time: 00:07:02

Health: -1/43      AC:  5    Str: 18    XL:     3   Next: 12%
Magic:  3/3        EV: 12    Int:  8    God:    Trog [*.....]
Gold:   85         SH:  0    Dex: 12    Spells: 2/2 levels left

rFire    . . .     SeeInvis .   a - +0 falchion
rCold    . . .     Faith    .   (no shield)
rNeg     . . .     Spirit   .   k - +0 ring mail
rPois    .         Reflect  .   (no helmet)
rElec    .         Harm     .   (no cloak)
rCorr    .         Rampage  .   (no gloves)
Will     .....                  (no boots)
Stlth    ..........             (no amulet)
HPRegen  0.14/turn              (no ring)
MPRegen  0.08/turn              (no ring)

@: berserking (expiring), very quick
A: sturdy frame 1
a: Renounce Religion, Berserk


You were on level 2 of the Dungeon.
You worshipped Trog.
Trog was aware of your devotion.
You visited 1 branch of the dungeon, and saw 2 of its levels.

You collected 85 gold pieces.

Inventory:

Hand Weapons
 a - a +0 falchion (weapon)
 o - a +0 short sword
Missiles
 e - 3 datura-tipped darts
 p - 12 poisoned darts
Armour
 b - a +0 animal skin
 k - a +0 ring mail (worn)
Jewellery
 g - an uncursed ring of willpower {unknown}
 m - an uncursed amulet of the acrobat {unknown}
Scrolls
 d - a scroll of blinking {unknown}
 f - 2 scrolls of enchant weapon {unknown}
 i - a scroll of identify {unknown}
 j - a scroll of teleportation {unknown}
 l - 2 scrolls of amnesia {unknown}
 n - a scroll of remove curse {unknown}
Potions
 c - a potion of brilliance {unknown}
 h - 2 potions of cancellation {unknown}


   Skills:
 + Level 3.2 Fighting
 + Level 3.3 Long Blades
 + Level 2.1 Armour
 + Level 2.0 Dodging


You had 2 spell levels left.
You didn't know any spells.
Your spell library was empty.

Dungeon Overview and Level Annotations

Branches:
Dungeon (2/15)

Altars:


Innate Abilities, Weirdness & Mutations

Your movements are slightly less encumbered by armour. (ER -2)


Message History

You barely miss the sky beast. The sky beast barely misses you.
You barely miss the sky beast. The sky beast hits you.
The sky beast shocks you.
You hit the sky beast.
The sky beast is moderately wounded.
The sky beast flickers out of sight!
Deactivating autopickup; reactivate with Ctrl-A.
Something hits you. Something shocks you.
A red film seems to cover your vision as you go berserk!
You feel yourself moving faster!
You feel mighty! Something barely misses you.
You closely miss something. Something hits you but does no damage.
You miss something. Something hits you. Something shocks you.
You miss something. You barely miss something. Something hits you.
Something shocks you.
* * * LOW HITPOINT WARNING * * *
You slash something! Something hits you but does no damage.
You miss something. Something hits you.
* * * LOW HITPOINT WARNING * * *
Something shocks you.
You die...

########...####..###..##.#.).#
..#......#..##...###..##.#.#.####
................##...###.#......#
..#......##.##...................
.........##.............#........
###......###.....................
###......##....#........#........
...............#{.......#........
.........#.#..##@...#####........
##.......#....##.#### #..[.....
#............##)# ##...$...
#.#....#..####..# #......#
##.#........##..##
......#...#..#.#####
..........##>......#
.#.....##..........#
.......###.........#####


There were no monsters in sight!

Vanquished Creatures
  An adder (D:2)
  A bat (D:2)
  A giant cockroach (D:1)
  3 goblins
  7 hobgoblins
  2 jackals (D:2)
  A kobold (D:1)
  2 frilled lizards
  2 rats
20 creatures vanquished.

Notes
Turn   | Place    | Note
-------+----------+-------------------------------------------
     0 | D:1      | velxir3 the Demonspawn Berserker began the quest for the
                  | Orb.
     0 | D:1      | Reached XP level 1. HP: 18/18 MP: 1/1
   589 | D:1      | Gained mutation: Your movements are slightly less
                  | encumbered by armour. (ER -2) [demonic ancestry]
   589 | D:1      | Reached XP level 2. HP: 24/24 MP: 2/2
  1141 | D:2      | Noticed a sky beast
  1338 | D:2      | Reached XP level 3. HP: 29/29 MP: 3/3
  1440 | D:2      | Slain by a sky beast

Illustrated notes

Levels and vault maps discovered:
D:1:      nicolae_arrival_somewhat_less_tricky_arrival, layout_basic
D:2:      layout_rooms, eat_drink_and_be_merry_uskayaw,
          nicolae_ashenzari_panopticon, small_statue_intersection, uniq_jessica

Skill      XL: |  1  2 |
---------------+-------+-----
Long Blades    | 3 |  3.3
Armour         | 2 |  2.1
Dodging        | 2 |  2.0
Fighting       | |  3.2

Action                   || total
-------------------------++-------
Melee: Falchion          ||    63
Invok: Berserk           ||     1
Armor: Animal skin       ||     3
       Ring mail         ||    17
Dodge: Dodged            ||    35
       Rpst.: Falchion   ||     7
